AoeStats
← Zuwordo!

Oasis

509527617Analyzed
3v3 RM · 6d ago on Sep 27, 2026· 63m 56s· 6 players
Game mode
Random Map
Map size
Normal (6 player)
Population
200
Speed
Normal
Resources
Standard
Victory
Conquest
Starting age
Dark Age
Ending age
Imperial Age
RankedLock teamsTeams togetherTeam positionsShared explorationLock speedFull tech treeHidden civsTurbo modeCheats
Victory
Defeat
🇲🇽 Franks · Mexico
1096
+15
🇵🇪 Bohemians · Peru
1071
+16
🇦🇺 Vietnamese · Australia
1003
+19
🇨🇱 Vikings · Chile
1147
-20
🇨🇱 Persians · Chile
1048
-16
🇨🇱 Khmer · Chile
1011
-14
Alanccino
0:26 Loom
9:51 Feudal Age
10:37 Double-Bit Axe
16:36 Castle Age
18:45 Bow Saw
18:40 Gold Mining
27:09 Wheelbarrow
27:31 Forging
27:27 Scale Barding Armor
28:35 Hand Cart
28:09 Town Watch
30:56 Imperial Age
29:04 Caravan
30:04 Iron Casting
29:50 Chain Barding Armor
33:23 Gold Shaft Mining
34:11 Pikeman
34:37 Gambesons
36:29 Blast Furnace
35:29 Scale Mail Armor
36:06 Plate Barding Armor
35:50 Cavalier
36:31 Husbandry
36:35 Squires
36:21 Arson
37:26 Conscription
37:34 Paladin
38:37 Chivalry
38:58 Chain Mail Armor
38:56 Elite Throwing Axeman
44:23 Plate Mail Armor
44:51 Halberdier
53:40 Ordonnance Companies
55:32 Ballistics
55:18 Siege Engineers
55:09 Murder Holes
55:28 Masonry
marshall_o18
0:54 Loom
10:27 Feudal Age
18:55 Castle Age
19:12 Scale Mail Armor
19:07 Double-Bit Axe
21:19 Pikeman
34:29 Town Watch
36:25 Arson
36:41 Squires
44:07 Imperial Age
43:14 Chemistry
46:57 Halberdier
49:40 Horse Collar
50:57 Houfnice
52:29 Bow Saw
55:15 Padded Archer Armor
55:06 Fletching
56:49 Leather Archer Armor
56:29 Bodkin Arrow
56:50 Chain Mail Armor
56:46 Forging
60:28 Iron Casting
59:53 Bracer
60:24 Ring Archer Armor
60:25 Plate Mail Armor
63:11 Town Patrol
63:46 Wheelbarrow
Victor_Wembanyama
10:18 Feudal Age
10:59 Double-Bit Axe
11:13 Loom
13:19 Horse Collar
18:04 Fletching
24:18 Castle Age
23:40 Padded Archer Armor
24:40 Crossbowman
25:25 Thumb Ring
26:20 Wheelbarrow
25:38 Gold Mining
26:55 Bodkin Arrow
27:26 Husbandry
29:23 Hand Cart
30:15 Bloodlines
31:29 Forging
31:34 Leather Archer Armor
32:48 Ballistics
34:47 Iron Casting
34:17 Scale Barding Armor
RedLaig
11:11 Feudal Age
16:07 Castle Age
15:01 Horse Collar
15:08 Double-Bit Axe
15:16 Gold Mining
17:06 Wheelbarrow
17:33 Loom
18:41 Hand Cart
23:06 Caravan
24:08 Bow Saw
25:36 Heavy Plow
32:29 Husbandry
32:41 Bloodlines
34:29 Scale Barding Armor
34:35 Forging
36:11 Chain Barding Armor
37:13 Iron Casting
42:53 Light Cavalry
52:45 Gold Shaft Mining
53:56 Ballistics
65:25 Imperial Age
Rolandreso
7:04 Loom
12:53 Feudal Age
14:15 Horse Collar
15:27 Wheelbarrow
14:55 Double-Bit Axe
18:21 Fletching
24:31 Castle Age
25:47 Hand Cart
25:39 Heavy Plow
29:15 Caravan
29:13 Gold Mining
32:13 Imperial Age
29:49 Stone Mining
30:35 Gold Shaft Mining
30:41 Hand Cart
31:56 Scale Barding Armor
32:03 Forging
32:30 Bow Saw
37:05 Citadels
44:56 Chain Barding Armor
45:11 Iron Casting
47:26 Plate Barding Armor
46:34 Pikeman
47:18 Squires
47:06 Arson
46:44 Crossbowman
47:29 Thumb Ring
47:21 Halberdier
49:45 Blast Furnace
48:35 Elite War Elephant
49:37 Conscription
Zuwordo!
2:53 Loom
10:19 Feudal Age
12:09 Double-Bit Axe
12:08 Horse Collar
12:16 Man-at-Arms
21:43 Castle Age
21:54 Scale Mail Armor
22:04 Forging
21:42 Arson
22:12 Fletching
23:05 Bow Saw
23:16 Squires
28:55 Chain Mail Armor
31:43 Pikeman
32:39 Heavy Plow
33:14 Crossbowman
34:27 Bodkin Arrow
34:32 Padded Archer Armor
35:10 Gold Mining
34:43 Long Swordsman
37:03 Iron Casting
40:21 Leather Archer Armor
48:17 Imperial Age
49:40 Plate Mail Armor
50:11 Blast Furnace
48:40 Two-Handed Swordsman
49:55 Conscription
50:46 Chieftains
51:30 Crop Rotation
51:28 Elite Skirmisher
51:35 Arbalester
52:23 Champion
55:10 Ring Archer Armor
55:58 Bracer
Connection lost

Rejoining the realm…

Still unreachable

The connection could not be restored.

Session expired

The server has moved on; the page needs a fresh start.